 Dungeon Crawl Stone Soup version 0.21-a0-143-g1ab7d47 (webtiles) character file.

21 namelastname112 the Stinger (level 2, -5/20 HPs)
             Began as a Draconian Venom Mage on July 26, 2017.
             Killed from afar by Terence (9 damage)
             ... with a wand of flame (?/48)
             ... on level 2 of the Dungeon.
             The game lasted 00:01:22 (641 turns).

namelastname112 the Stinger (Draconian Venom Mage)   Turns: 641, Time: 00:01:22

Health: -5/20      AC:  4    Str: 15    XL:     2   Next: 62%
Magic:  0/5        EV: 12    Int: 15    God:
Gold:   12         SH:  0    Dex: 11    Spells: 3/6 levels left

rFire    . . .     SeeInvis .   e - -1 dagger (curse)
rCold    . . .     Gourm    .   (no shield)
rNeg     . . .     Faith    .   (armour unavailable)
rPois    .         Spirit   .   (helmet restricted)
rElec    .         Reflect  .   (no cloak)
rCorr    .         Harm     .   (no gloves)
MR       .....                  (no boots)
Stlth    ++........             (no amulet)
HPRegen  0.06/turn              (no ring)
MPRegen  0.09/turn              (no ring)

@: mighty, very slightly contaminated
A: unfitting armour, cold-blooded, AC +4
a: no special abilities


You were on level 2 of the Dungeon.
You were not hungry.

You visited 1 branch of the dungeon, and saw 2 of its levels.

You collected 12 gold pieces.

Inventory:

Hand Weapons
 e - a cursed -1 dagger (weapon)
Scrolls
 f - a scroll of amnesia {unknown}
 g - a scroll of remove curse {unknown}
 h - a scroll of teleportation {unknown}
 i - a scroll of recharging {unknown}
Potions
 c - a potion of might
Books
 a - a Young Poisoner's Handbook

   Spells                             Type                      Level
   a - Sting                          Conjuration/Poison           1
   b - Poisonous Vapours              Poison/Air                   2
   c - Mephitic Cloud                 Conjuration/Poison/Air       3
   d - Olgreb's Toxic Radiance        Poison                       4
   e - Venom Bolt                     Conjuration/Poison           5
Comestibles
 b - 2 bread rations
 d - a meat ration


   Skills:
 - Level 1.7 Dodging
 - Level 1.7 Stealth
 + Level 2.5 Spellcasting
 + Level 1.7 Conjurations
 + Level 3.1 Poison Magic


You had 3 spell levels left.
You knew the following spells:

 Your Spells              Type           Power        Failure   Level  Hunger
x - Poisonous Vapours     Pois/Air       #.....       17%         2    ###....
z - Sting                 Conj/Pois      #...         8%          1    #......


Dungeon Overview and Level Annotations

Branches:
Dungeon (2/15)

Altars:

Annotations:
D:2 Terence


Innate Abilities, Weirdness & Mutations

Your plain brown scales are hard. (AC +4)
You cannot fit into any form of body armour.
You are cold-blooded and may be slowed by cold attacks.


Message History

Terence freezes you.
You take 6 damage, and have 14/20 hp.
MASSIVE DAMAGE!!
There is a stone staircase leading up here.
Terence looks more healthy.
Terence zaps a wand.
The puff of flame hits you!
Ouch! That really hurt!
* * * LOW HITPOINT WARNING * * *
It is a wand of flame (?/48).
You take 11 damage, and have 3/20 hp.
MASSIVE DAMAGE!!
Casting: Poisonous Vapours
Confirm with . or Enter, or press ? or * to list all spells.
Aiming: Poisonous Vapours
Press: ? - help, Dir - move target cursor, f/p - Terence
Aim: Terence, wielding a falchion of freezing, wearing a chain mail and carrying a wand of flame (?/48) {zapped: 1} (heavily wounded)
You miscast Poisonous Vapours.
You feel a strange surge of energy!
You now have 0/5 mp.
It was a potion of might.
You feel very mighty all of a sudden.
Terence zaps a wand.
The puff of flame hits you!
You die...

#..###
......# #...#
..... ....##
... #.#..#
##.#
#.#..###..#
#.#.@..<.##
#..###...#
##.@####.....
##@# .......
#..# ........
##.# #.......
.# #.......
.. .....##
... ... ....


You could see Terence.

Vanquished Creatures
  A dart slug (D:1)
  3 bats (D:1)
  5 hobgoblins (D:1)
  5 kobolds (D:1)
  A goblin (D:1)
  A rat (D:1)
16 creatures vanquished.

Notes
Turn   | Place    | Note
-------+----------+-------------------------------------------
     0 | D:1      | namelastname112 the Draconian Venom Mage began the quest for the Orb.
     0 | D:1      | Reached XP level 1. HP: 14/14 MP: 3/3
   248 | D:1      | Reached XP level 2. HP: 15/20 MP: 0/5
   252 | D:1      | Learned a level 2 spell: Poisonous Vapours
   628 | D:2      | Noticed Terence
   641 | D:2      | Killed from afar by Terence

Vault maps used:
D:1:      eino_arrival_cavern_b
D:2:      nicolae_overflow_hidden_temple, first_bread,
          nicolae_ru_the_path_less_chosen, uniq_terence, uniq_crazy_yiuf_cottage

Action                   || total
-------------------------++-------
Melee: Unarmed           ||    15
       Tailslap          ||     2
       Dagger            ||     6
 Cast: Sting             ||    29
       Poisonous Vapours ||     1
  Use: Potion            ||     1
Armor: Skin              ||     5
Dodge: Dodged            ||    12
